AoeStats
← small_rain_111

Nomad

510725466Analyzed
4v4 RM · 1d ago on Oct 2, 2026· 30m 29s· 8 players
Game mode
Random Map
Map size
231×231
Population
200
Speed
Normal
Resources
Standard
Victory
Conquest
Starting age
Dark Age
Ending age
Imperial Age
RankedLock teamsTeams togetherTeam positionsShared explorationLock speedFull tech treeHidden civsTurbo modeCheats
Victory
Defeat
🇨🇳 Spanish · China
1079
+15
🇫🇷 Berbers · France
1055
+16
🇩🇪 Franks · Germany
1049
+16
🇨🇳 Franks · China
1007
+17
🇨🇳 Franks · China
1082
-17
🇦🇺 Hindustanis · Australia
1071
-17
🇹🇼 Celts · Taiwan
1018
-15
🇨🇳 Vietnamese · China
1017
-15
small_rain_111
4:56 Loom
16:30 Feudal Age
16:31 Man-at-Arms
18:46 Arson
19:03 Fishing Lines
24:49 Castle Age
24:57 Gold Mining
25:00 Pikeman
27:51 Double-Bit Axe
Ken
3:51 Loom
15:26 Feudal Age
17:19 Double-Bit Axe
20:16 Castle Age
19:38 Stone Mining
21:55 Gold Mining
22:17 Husbandry
22:25 Scale Barding Armor
22:31 Forging
24:26 Wheelbarrow
28:16 Hand Cart
KissMyAxe
13:00 Feudal Age
13:15 Loom
20:41 Castle Age
19:45 Gold Mining
28:07 Gold Shaft Mining
28:30 Fletching
28:46 Scale Barding Armor
29:30 Fishing Lines
Schlenkerla23
3232984158
4:48 Loom
14:15 Feudal Age
18:34 Castle Age
17:31 Double-Bit Axe
17:30 Horse Collar
17:54 Stone Mining
17:54 Gold Mining
19:29 Wheelbarrow
19:53 Bow Saw
20:38 Wheelbarrow
22:58 Town Watch
23:51 Heavy Plow
25:32 Padded Archer Armor
25:23 Fletching
25:48 Bloodlines
25:38 Husbandry
29:40 Bodkin Arrow
30:00 Leather Archer Armor
hsuan1202
3:15 Loom
17:26 Feudal Age
不会玩的别玩
14:29 Feudal Age
20:28 Castle Age
19:14 Double-Bit Axe
19:32 Fishing Lines
24:01 Gillnets
26:29 Stone Mining
26:31 Gold Mining
29:17 Gold Shaft Mining
30:54 Husbandry
Redsocks
Connection lost

Rejoining the realm…

Still unreachable

The connection could not be restored.

Session expired

The server has moved on; the page needs a fresh start.